 Dungeon Crawl Stone Soup version 0.21-a0-185-g3a6ed1e (webtiles) character file.

14 namelastname112 the Grave Robber (level 2, 0/25 HPs)
             Began as a Draconian Wanderer on Aug 12, 2017.
             Slain by a jackal (2 damage)
             ... on level 1 of the Dungeon.
             The game lasted 00:00:39 (429 turns).

namelastname112 the Grave Robber (DrWn)              Turns: 429, Time: 00:00:39

Health: 0/25       AC:  4    Str: 13    XL:     2   Next: 27%
Magic:  3/3        EV:  8    Int: 13    God:
Gold:   19         SH:  0    Dex: 10    Spells: 3/3 levels left

rFire    . . .     SeeInvis .   e - +0 dagger
rCold    . . .     Gourm    .   (no shield)
rNeg     . . .     Faith    .   (armour unavailable)
rPois    .         Spirit   .   (helmet restricted)
rElec    .         Reflect  .   (no cloak)
rCorr    .         Harm     .   (no gloves)
MR       .....                  (no boots)
Stlth    +.........             (no amulet)
HPRegen  0.08/turn              h - -3 ring of evasion (curse)
MPRegen  0.08/turn              (no ring)

@: no status effects
A: unfitting armour, cold-blooded, AC +4
a: no special abilities


You were on level 1 of the Dungeon.
You were not hungry.

You visited 1 branch of the dungeon, and saw 1 of its levels.

You collected 19 gold pieces.

Inventory:

Hand Weapons
 e - a +0 dagger (weapon)
Jewellery
 h - a cursed -3 ring of evasion (left hand)
 j - an uncursed ring of stealth {unknown}
Scrolls
 d - a scroll of identify {unknown}
 i - a scroll of amnesia {unknown}
Potions
 c - a potion of curing
 g - a potion of flight {unknown}
 k - 2 potions of heal wounds {unknown}
 l - a potion of berserk rage {unknown}
Books
 a - a book of Necromancy

   Spells                             Type                      Level
   a - Pain                           Necromancy                   1
   b - Animate Skeleton               Necromancy                   1
   c - Vampiric Draining              Necromancy                   3
   d - Regeneration                   Charms/Necromancy            3
   e - Animate Dead                   Necromancy                   4
   f - Control Undead                 Necromancy                   4
 b - the Almanac of Lightness

   Spells                             Type                      Level
   a - Shock                          Conjuration/Air              1
   b - Mephitic Cloud                 Conjuration/Poison/Air       3
Comestibles
 f - a bread ration


   Skills:
 + Level 2.9 Fighting
   Level 1.0 Crossbows
 - Level 1.0 Throwing
 + Level 1.0 Dodging
 - Level 1.0 Spellcasting
   Level 3.0 Necromancy
   Level 1.0 Transmutations
   Level 1.0 Evocations


You had 3 spell levels left.
You didn't know any spells.

Dungeon Overview and Level Annotations

Branches:
Dungeon (1/15)

Altars:


Innate Abilities, Weirdness & Mutations

Your plain brown scales are hard. (AC +4)
You cannot fit into any form of body armour.
You are cold-blooded and may be slowed by cold attacks.


Message History

* * * LOW HITPOINT WARNING * * *
You hit the jackal.
The jackal is moderately wounded.
The jackal bites you but does no damage.
You hit the jackal but do no damage.
You tail-slap the jackal, but do no damage.
The jackal is moderately wounded.
The jackal bites you but does no damage.
You miss the jackal.
Your tail-slap misses the jackal.
The jackal is moderately wounded.
The jackal bites you.
* * * LOW HITPOINT WARNING * * *
The jackal closely misses you.
You hit the jackal.
The jackal is heavily wounded.
The jackal closely misses you.
You barely miss the jackal. You tail-slap the jackal.
The jackal is almost dead.
The jackal bites you.
You die...

#### ..# ##.## #...#
###...### ######
####)......#### #......
..............#######......
####............@hhh.[.#
######...##.#.######...#
....................h..#
######..###.##########.#
........# #.# .# ######.##
#.# # ######. #.##
.....#.## #.. .....#..###.#


You could see 3 jackals.

Vanquished Creatures
  A dart slug (D:1)
  2 goblins (D:1)
  2 hobgoblins (D:1)
  3 jackals (D:1)
  A kobold (D:1)
  A rat (D:1)
10 creatures vanquished.

Notes
Turn   | Place    | Note
-------+----------+-------------------------------------------
     0 | D:1      | namelastname112 the Draconian Wanderer began the quest for the Orb.
     0 | D:1      | namelastname112 set off with: a book of Necromancy, the Almanac of Lightness, a potion of curing, a +0 club, a bread ration
     0 | D:1      | Reached XP level 1. HP: 17/17 MP: 2/2
     0 | D:1      | Identified the Almanac of Lightness
    59 | D:1      | Reached XP level 2. HP: 10/25 MP: 3/3
   423 | D:1      | Reached skill level 1 in Dodging
   429 | D:1      | Slain by a jackal

Vault maps used:
D:1:      minmay_arrival_three_doors

Skill      XL: |  1  2 |
---------------+-------+-----
Dodging        | 1 |  1.0
Fighting       | |  2.9
Crossbows      | |  1.0
Throwing       | |  1.0
Spellcasting   | |  1.0
Necromancy     | |  3.0
Transmutations | |  1.0
Evocations     | |  1.0

Action                   || total
-------------------------++-------
Melee: Dagger            ||    58
       Club              ||    12
       Tailslap          ||     6
 Stab: Sleeping          ||     1
Armor: Skin              ||    33
Dodge: Dodged            ||    38
